 Dungeon Crawl Stone Soup version 0.31.0-4-g52a2dc7128 (console) character file.

Game seed: 10172096108540315594

10 AlterAsc the Changeling (level 2, 0/14 HPs)
             Began as a Spriggan Shapeshifter on Jan 21, 2024.
             Slain by a goblin
             ... wielding a +2 dagger of electrocution
              (12 damage)
             ... on level 1 of the Dungeon.
             The game lasted 00:00:30 (212 turns).

AlterAsc the Changeling (Spriggan Shapeshifter)      Turns: 212, Time: 00:00:30

Health: 0/14       AC:  2    Str: 10    XL:     2   Next: 10%
Magic:  3/3        EV: 17    Int: 11    God:
Gold:   0          SH:  0    Dex: 14    Spells: 1/1 levels left

rFire   . .          .
                       - Unarmed
rCold   . . .        (no shield)
rNeg    . . .        a - +0 animal skin
rPois   .            (helmet currently unavailable)
rElec   .            (cloak currently unavailable)
rCorr   .            (gloves unavailable)
SInv    +            (boots unavailable)
Will    .....        (no amulet)
Stlth   +            (no ring)
HPRegen 0.22/turn    (no ring)
MPRegen 0.08/turn

%: no passive effects
@: beast-form, very quick
A: beast (slay +2), very small, no large weapons, unfitting armour, see
invisible, speed 3
a: Begin Untransformation


You were on level 1 of the Dungeon.
You were a hulking beast.
You visited 1 branch of the dungeon, and saw 1 of its levels.

Inventory:

Armour
 a - a +0 animal skin (worn)
Talismans
 c - a beast talisman
 d - a flux talisman
Scrolls
 e - a scroll of amnesia {unknown}
 f - a scroll of acquirement {unknown}
 g - a scroll of enchant weapon {unknown}
 h - a scroll of teleportation {unknown}
 i - a scroll of identify {unknown}
Potions
 b - a potion of lignification


   Skills:
 + Level 1.0 Fighting
 + Level 3.0 Dodging
 + Level 2.5 Unarmed Combat
 + Level 4.1 Shapeshifting


You had one spell level left.
You didn't know any spells.
Your spell library was empty.

Dungeon Overview and Level Annotations

Branches:
Dungeon (1/15)

Altars:


Innate Abilities, Weirdness & Mutations

You are a hulking beast.
Your limbs bulge with bestial killing power. (Slay +2)
You are very small and have problems with some larger weapons.
You are too small for most types of armour.
You have supernaturally acute eyesight. (SInv)
You cover ground extremely quickly. (Speed+++)


Message History

No target in view!
A hobgoblin comes into view.
You see here a scroll labelled OWKUEL IBIWI.
A hobgoblin is nearby!
A hobgoblin is nearby!
The hobgoblin shouts!
You hit the hobgoblin.
The hobgoblin is almost dead.
The hobgoblin barely misses you.
You hit the hobgoblin.
You kill the hobgoblin!
You have reached level 2!
g - a scroll labelled OWKUEL IBIWI
h - a scroll labelled QETTEL PAUR A bat comes into view.
The bat barely misses you.
You hit the bat.
The bat is severely wounded.
The bat hits you but does no damage.
No target in view!
A bat is nearby!
The bat hits you.
Found a scroll labelled UFEIGOSCHOA.
You hit the bat.
You kill the bat!
No target in view!
Found a scale mail.
Found a dagger.
No target in view!
i - a scroll labelled UFEIGOSCHOA You see here a +0 scale mail.
You see here a +0 dagger.
A goblin comes into view.
It is wielding a +2 dagger of electrocution.
Found 12 gold pieces.
You hit the goblin.
The goblin is moderately wounded.
The goblin hits you with a +2 dagger of electrocution.
You are electrocuted!
Ouch! That really hurt!
You die...

.... ...# $..#
...# ...# ...#
##g..####
#h.......
#.##.###.
####.##.#
#)......#
#[##.#### ##.##.#
##...#.# ##......#
#.......# ###
##......#
..##########...#.#


You could see a goblin.

Vanquished Creatures
  A bat (D:1)
  A giant cockroach (D:1)
  3 hobgoblins (D:1)
  A ball python (D:1)
  A frilled lizard (D:1)
  2 goblins (D:1)
9 creatures vanquished.

Notes
Turn   | Place    | Note
-------+----------+-------------------------------------------
     0 | D:1      | AlterAsc the Spriggan Shapeshifter began the quest for the
                  | Orb.
     0 | D:1      | Reached XP level 1. HP: 9/9 MP: 2/2
   142 | D:1      | Reached skill level 1 in Fighting
   164 | D:1      | Reached XP level 2. HP: 14/14 MP: 3/3
   212 | D:1      | Slain by a goblin

Illustrated notes

Levels and vault maps discovered:
D:1:      kilobyte_arrival_exit_the_forest, layout_loops_ring

Skill      XL: |  1 |
---------------+----+-----
Fighting       | 1 |  1.0
Dodging        | 3 |  3.0
Unarmed Combat | |  2.5
Shapeshifting  | |  4.1

Action                     || total
---------------------------++-------
  Melee: Unarmed           ||    24
         Punch             ||     1
 Armour: Animal skin       ||     7
  Dodge: Dodged            ||    16
